 Dungeon Crawl Stone Soup version 0.22-a0-161-g198051cff3 (console) character file.

24 Muffindrake the Sneak (level 2, -1/22 HPs)
             Began as a Vampire Assassin on Feb 11, 2018.
             Slain by a goblin (3 damage)
             ... on level 1 of the Dungeon.
             The game lasted 00:01:30 (597 turns).

Muffindrake the Sneak (Vampire Assassin)             Turns: 597, Time: 00:01:31

Health: -1/22      AC:  3    Str: 10    XL:     2   Next: 79%
Magic:  2/2        EV: 12    Int: 13    God:
Gold:   27         SH:  0    Dex: 15    Spells: 1/1 levels left

rFire    . . .     SeeInvis +   h - -1 whip (curse)
rCold    . . .     Gourm    .   (no shield)
rNeg     + . .     Faith    .   c - +0 robe
rPois    .         Spirit   .   (no helmet)
rElec    .         Reflect  .   d - +0 cloak
rCorr    .         Harm     .   (no gloves)
MR       .....                  (no boots)
Stlth    +++.......             (no amulet)
HPRegen  0.07/turn              (no ring)
MPRegen  0.08/turn              (no ring)

@: no status effects
A: fangs 3, see invisible, unbreathing
a: no special abilities


You were on level 1 of the Dungeon.
You were not thirsty.

You visited 1 branch of the dungeon, and saw 1 of its levels.

You collected 27 gold pieces.

Inventory:

Hand Weapons
 a - a +2 dagger
 b - a +0 blowgun
 h - a cursed -1 whip (weapon)
Missiles
 e - 8 poisoned needles
 f - 2 curare-tipped needles
Armour
 c - a +0 robe (worn)
 d - a +0 cloak (worn)
Potions
 g - 3 potions of blood


   Skills:
 + Level 1.8 Fighting
 + Level 2.6 Short Blades
 + Level 1.7 Throwing
 + Level 1.3 Dodging
 + Level 6.7 Stealth


You had one spell level left.
You didn't know any spells.

Dungeon Overview and Level Annotations

Branches:
Dungeon (1/15)

Altars:


Innate Abilities, Weirdness & Mutations

You have razor-sharp teeth.
You have supernaturally acute eyesight. (SInv)
You can survive without breathing.


Message History

g - 3 potions of blood (gained 1)
You see here an enchanted whip.
h - an enchanted whip It sticks to your hand!
h - a cursed -1 whip (weapon)
You found a teleport trap!
You can't go up here!
Unknown command.
Unknown command.
The rat barely misses you.
The rat is too close now for your liking.
The rat bites you but does no damage. The rat bites you.
* * * LOW HITPOINT WARNING * * *
You hit the rat.
You kill the rat!
A goblin comes into view.
The goblin shouts!
The goblin hits you.
You die...

.........#.##.<.##
.........#.##....##
.........#.#8####.#
.........##.......#
.........##########
.>....#.#........##
#####.#...........#####.
#####.###...............
........##............
................g..#
.........#......@..#
...................##
....................####
........##.............#
..#..#####..........##.##
#.....## #..............####
...##..########............##
#..###......######..........##
.....######......^...........#
#....##############..........#
##...(.......................#


You could see a goblin.

Vanquished Creatures
  5 dart slugs (D:1)
  A giant cockroach (D:1)
  2 goblins (D:1)
  A kobold (D:1)
  A ball python (D:1)
  A bat (D:1)
  2 frilled lizards (D:1)
  3 rats (D:1)
16 creatures vanquished.

Notes
Turn   | Place    | Note
-------+----------+-------------------------------------------
     0 | D:1      | Muffindrake the Vampire Assassin began the quest for the Orb.
     0 | D:1      | Reached XP level 1. HP: 16/16 MP: 1/1
    22 | D:1      | Reached skill level 6 in Stealth
    34 | D:1      | Reached XP level 2. HP: 10/22 MP: 2/2
   597 | D:1      | Slain by a goblin

Vault maps used:
D:1:      saegor_arrival_simple_e

Skill      XL: |  1 |
---------------+----+-----
Stealth        | 6 |  6.7
Fighting       | |  1.8
Short Blades   | |  2.6
Throwing       | |  1.7
Dodging        | |  1.3

Action                   || total
-------------------------++-------
Melee: Dagger            ||    36
       Bite              ||     4
       Whip              ||     1
  Use: Potion            ||     2
       Scroll            ||     1
 Stab: Sleeping          ||     4
Armor: Robe              ||    15
Dodge: Dodged            ||    25

Table legend:
 A = Spawn XP
 B = Non-spawn XP
 C = Spawn XP percentage of total XP
 D = Spawn monster count
 E = Non-spawn monster count
 F = Spawn count percentage of total count
 G = Total turns spent on level
                    A         B        C        D         E        F      G
               +---------+---------+-------+---------+---------+-------+---------
         Total |       0 |      35 |   0.0 |       0 |      16 |   0.0 |   597
               +---------+---------+-------+---------+---------+-------+---------
           D:1 |       0 |      35 |   0.0 |       0 |      16 |   0.0 |   597
               +---------+---------+-------+---------+---------+-------+---------
